 Dungeon Crawl Stone Soup version 0.30-a0-867-g305f33218d (webtiles) character file.

Game seed: 2951999528210671864

400 Dittersdorf the Shield-Bearer (level 6, -2/40 HPs)
             Began as a Gargoyle Fighter on Mar 10, 2023.
             Killed by divine providence
             ... invoked by an orc priest
              (9 damage)
             ... on level 4 of the Dungeon.
             The game lasted 00:04:32 (2959 turns).

Dittersdorf the Shield-Bearer (Gargoyle Fighter)    Turns: 2959, Time: 00:04:33

Health: -2/40      AC: 15    Str: 22    XL:     6   Next: 84%
Magic:  6/6        EV:  9    Int:  8    God:
Gold:   161        SH:  4    Dex:  9    Spells: 5/5 levels left

rFire   . . .      SeeInvis .    a - +0 flail
rCold   . . .      Faith    .    c - +0 buckler
rNeg    + . .      Spirit   .    b - +0 scale mail
rPois   ∞          Reflect  .    r - +1 helmet
rElec   +          Rampage  .    (no cloak)
rCorr   .                        (no gloves)
Will    .....                    u - +0 pair of boots Stlth
                                 (no amulet)
HPRegen 0.26/turn                (no ring)
MPRegen 0.10/turn                (no ring)

@: studying Armour
A: sickness immunity, AC +4, negative energy resistance 1, electricity
resistance, torment resistance 1, petrification resistance
a: no special abilities


You were on level 4 of the Dungeon.
You visited 1 branch of the dungeon, and saw 4 of its levels.

You collected 161 gold pieces.

Inventory:

Hand Weapons
 a - a +0 flail (weapon)
Armour
 b - a +0 scale mail (worn)
 c - a +0 buckler (worn)
 r - a +1 helmet (worn)
 u - a +0 pair of boots (worn)
Scrolls
 g - a scroll of summoning
 m - a scroll of teleportation
 p - a scroll of enchant armour
Potions
 d - 2 potions of might
 e - 3 potions of heal wounds
 h - 4 potions of flight
 i - 4 potions of brilliance
 n - 3 potions of curing
 q - a potion of ambrosia {unknown}
 t - a potion of invisibility {unknown}
 w - a potion of resistance {unknown}


   Skills:
 + Level 4.9 Fighting
 + Level 3.8 Maces & Flails
 + Level 4.9 Armour
 + Level 5.0 Shields


You had 5 spell levels left.
You didn't know any spells.
Your spell library contained the following spells:

 Spells                   Type           Power      Damage    Failure   Level
 Frozen Ramparts          Ice            0%         1d1       99%         3
 Ice Form                 Ice/Tmut       0%         N/A       100%        4
 Summon Ice Beast         Ice/Summ       0%         N/A       100%        4


Dungeon Overview and Level Annotations

Branches:
Dungeon (4/15)
 Temple: D:4-7

Altars:
Elyvilon
Ru


Innate Abilities, Weirdness & Mutations

You are immune to sickness and miasma.
Your stone body is resilient. (AC +4)
You are immune to poison.
You resist negative energy. (rN+)
You are resistant to electric shocks. (rElec)
You are resistant to unholy torment.
You are immune to petrification.


Message History

The ball python closely misses you. The ball python grabs you.
The ball python constricts you.
You hit the ball python.
The ball python is moderately wounded.
The ball python bites you but does no damage.
The ball python constricts you.
You sock the ball python!
You kill the ball python!
You hit the orc priest.
The orc priest is moderately wounded.
You block the orc priest's attack.
You barely miss the orc priest.
The orc priest is moderately wounded.
The orc priest barely misses you.
You hit the orc priest but do no damage.
The orc priest is lightly wounded.
The orc priest calls down the wrath of Beogh upon you.
Beogh smites you!
You barely miss the orc priest.
The orc priest is lightly wounded.
The orc priest hits you but does no damage.
The orc priest closely misses you.
You hit the orc priest.
The orc priest is moderately wounded.
The orc priest hits you with a +0 hand axe.
You barely miss the orc priest.
The orc priest is moderately wounded.
The orc priest mumbles some strange prayers to Beogh against you.
Beogh smites you!
You hit the orc priest.
The orc priest is severely wounded.
The orc priest calls down the wrath of Beogh upon you.
Beogh smites you!
* * * LOW HITPOINT WARNING * * *
You hit the orc priest but do no damage.
The orc priest is severely wounded.
The orc priest hits you but does no damage.
The orc priest invokes the aid of Beogh against you.
Beogh smites you!
You die...

.....########
............####.
.................
.................
...............$
########.............
#.......#.............
#.......##...#.#####.#
#.......##...#@......#
#.......##...#o#...#.#
#.......##...#.#._.#
#.......####.#.#...#
#.........#.......# o
##.....##.#.#####.#....
##....##.......o......
##?..##.##.###.......
##..##.##.# #######


You could see an orc priest.

Vanquished Creatures
  Sigmund (D:2)
  An orc priest (D:3)
  An orc wizard (D:3)
  Robin (D:2)
  7 adders
  3 worms
  A dart slug (D:2)
  6 orcs
  3 ball pythons
  10 endoplasms
  2 giant cockroaches (D:2)
  7 hobgoblins
  8 kobolds
  7 quokkas
  7 bats
  5 frilled lizards
  17 goblins
  8 rats
95 creatures vanquished.

Vanquished Creatures (others)
  Jessica (D:3)
1 creature vanquished.

Grand Total: 96 creatures vanquished

Notes
Turn   | Place    | Note
-------+----------+-------------------------------------------
     0 | D:1      | Dittersdorf the Gargoyle Fighter began the quest for the
                  | Orb.
     0 | D:1      | Reached XP level 1. HP: 14/14 MP: 1/1
   180 | D:1      | Reached XP level 2. HP: 11/19 MP: 2/2
   525 | D:1      | Reached XP level 3. HP: 22/23 MP: 3/3
   684 | D:2      | Noticed Sigmund
   916 | D:2      | Killed Sigmund
   917 | D:2      | Reached skill level 4 in Shields
   917 | D:2      | Reached XP level 4. HP: 19/30 MP: 4/4
   917 | D:2      | Reached XP level 5. HP: 21/34 MP: 5/5
  1256 | D:2      | Reached XP level 6. HP: 37/39 MP: 6/6
  1510 | D:2      | Noticed Robin
  1520 | D:2      | Killed Robin
  1779 | D:3      | Killed Jessica
  1835 | D:3      | HP: 1/40 [orc priest/divine providence (13)]
  2423 | D:3      | Found a white marble altar of Elyvilon.
  2618 | D:3      | Reached skill level 5 in Shields
  2910 | D:4      | Identified a scroll of acquirement
  2910 | D:4      | Acquired a manual of Armour
  2929 | D:4      | Found a sacrificial altar of Ru.
  2934 | D:4      | Noticed an orc warrior
  2959 | D:4      | Killed from afar by an orc priest

Illustrated notes

Levels and vault maps discovered:
D:1:      matt_arrival_diagonals, layout_basic
D:2:      layout_loops_ring, minivault_4, uniq_robin, uniq_sigmund
D:3:      layout_loops_ring, elyvilon_altar_4, minmay_fractal_squares_5,
          uniq_jessica
D:4:      layout_basic, nicolae_uskayaw_suspiria,
          mainiacjoe_overflow_cross_hatched, serial_shops, shop, shop,
          shop_fountains, nicolae_shop_trees, shop_scrolls,
          lightli_ossuary_entry_decrepit_ruins, wad_orctagon, uniq_edmund

Skill      XL: |  1  2  3  4  5  6 |
---------------+-------------------+-----
Fighting       | 4 |  4.9
Maces & Flails | 3 |  3.8
Armour         | 4 |  4.9
Shields        | 4 5 |  5.0

Action                     |  1- 3 |  4- 6 || total
---------------------------+-------+-------++-------
  Melee: Flail             |   105 |   221 ||   326
    Use: Scroll            |       |    13 ||    13
 Armour: Scale mail        |    77 |   156 ||   233
  Dodge: Dodged            |    54 |   140 ||   194
  Block: Buckler           |    21 |    73 ||    94

Table legend: (Time is in decaauts)
 A = Elapsed time spent in this place.
 B = Non-inter-level travel time spent in this place.
 C = Inter-level travel time spent in this place.
 D = Time resting spent in this place.
 E = Time spent auto-exploring this place.
 F = Levels seen in this place.
 G = Mean time per level.
                   A        B        C        D        E       F      G
               +--------+--------+--------+--------+--------+-----+--------+
         Total |   3058 |   2967 |     91 |    322 |   1848 |   4 |  764.5 |
       Dungeon |   3058 |   2967 |     91 |    322 |   1848 |   4 |  764.5 |
               +--------+--------+--------+--------+--------+-----+--------+

Top non-repeatable levels by time:
     D:2: 1183 daAuts
     D:3: 957 daAuts
     D:1: 852 daAuts
     D:4: 65 daAuts
